 Dungeon Crawl Stone Soup version 0.22-a0-305-gd21a89c (webtiles) character file.

7431 budo the Unseen (level 11, -1/100 (102) HPs)
             Began as a Kobold Berserker on Mar 31, 2018.
             Was a High Priest of Trog.
             Slain by a black bear (5 damage)
             ... on level 9 of the Dungeon.
             The game lasted 00:24:12 (8790 turns).

budo the Unseen (Kobold Berserker)                  Turns: 8790, Time: 00:24:12

HP:   -1/100 (102)  AC: 10    Str: 20    XL:     11   Next: 37%
MP:   15/15         EV: 22    Int:  8    God:    Trog [*****.]
Gold: 595           SH:  0    Dex: 18    Spells: 10/10 levels left

rFire    + . .     SeeInvis .   H - +3 dagger (elec)
rCold    . . .     Gourm    .   (shield restricted)
rNeg     . . .     Faith    .   y - +2 scale mail {rF+}
rPois    .         Spirit   .   C - +0 helmet
rElec    .         Reflect  .   (no cloak)
rCorr    .         Harm     .   (no gloves)
MR       .....                  w - +0 pair of boots
Stlth    ..........             m - amulet of regeneration
HPRegen  0.66/turn              l - ring of stealth
MPRegen  0.14/turn              b - +4 ring of evasion

@: berserking, slowed
A: small, carnivore
a: Berserk, Trog's Hand, Brothers in Arms, Renounce Religion


You were on level 9 of the Dungeon.
You worshipped Trog.
Trog was extremely pleased with you.
You were full.

You visited 1 branch of the dungeon, and saw 9 of its levels.
You also visited: Sewer.

You collected 595 gold pieces.

Inventory:

Hand Weapons
 G - a +2 antimagic short sword
 H - a +3 dagger of electrocution (weapon)
Missiles
 g - 193 stones (quivered)
 n - 45 bolts
Armour
 w - a +0 pair of boots (worn)
 y - a +2 scale mail of fire resistance (worn)
 C - a +0 helmet (worn)
 I - a +0 chain mail of cold resistance
 J - a cursed +0 scale mail
Jewellery
 b - a +4 ring of evasion (right hand)
 j - a cursed -4 ring of evasion
 l - a ring of stealth (left hand)
 m - an amulet of regeneration (around neck)
 o - an uncursed ring of flight
 u - an uncursed ring of magical power
 K - an uncursed ring of poison resistance {unknown}
Wands
 v - a wand of disintegration (12)
 B - a wand of random effects (28)
Scrolls
 d - 3 scrolls of identify
 e - 4 scrolls of fog {unknown}
 h - 5 scrolls of remove curse
 i - 5 scrolls of enchant weapon
 k - 6 scrolls of teleportation {unknown}
 q - 5 scrolls of fear
 s - 2 scrolls of blinking {unknown}
 M - 2 scrolls of amnesia {unknown}
Potions
 a - a potion of invisibility
 f - 3 potions of brilliance {unknown}
 p - 2 potions of curing {unknown}
 r - a potion of mutation {unknown}
 t - 2 potions of degeneration {unknown}
 x - 4 potions of cancellation {unknown}
 z - a potion of agility
 A - a potion of resistance {unknown}
 D - a potion of berserk rage {unknown}
 E - 3 potions of flight {unknown}
 F - 2 potions of heal wounds {unknown}
 L - a potion of lignification {unknown}
Comestibles
 c - 16 rations


   Skills:
 + Level 8.0 Fighting
 - Level 10.0 Short Blades
 - Level 1.5 Armour
 + Level 8.3 Dodging
 + Level 15.0 Stealth
 + Level 5.4 Evocations


You had 10 spell levels left.
You didn't know any spells.

Dungeon Overview and Level Annotations

Branches:
Dungeon (9/15)             Temple (0/1) D:5
   Lair: D:8-11         Orc: D:9-12

Altars:
Wu Jian

Shops:
D:5 (

Annotations:
D:9 Gastronok; seren's ghost, novice OgBe


Innate Abilities, Weirdness & Mutations

You are small and have problems with some larger weapons.
You are carnivorous and can eat meat at any time.


Message History

Gastronok is severely wounded.
You hit Gastronok.
Gastronok is almost dead.
The black bear bites you but does no damage.
The black bear completely misses you. The black bear misses you.
You completely miss Gastronok.
Gastronok is almost dead.
You hit Gastronok.
Gastronok is almost dead.
The black bear closely misses you. The black bear barely misses you.
The black bear claws you but does no damage.
Gastronok waves his eye-stalks in wide circles.
The air twists around and strikes you!
* * * LOW HITPOINT WARNING * * *
You puncture Gastronok!
Gastronok is almost dead.
You puncture Gastronok!
Gastronok is almost dead.
The black bear bites you.
You die...

#....## #.# #.o#
#.#.#.#####.# .#
###..#####
#..###.....)# .#
#.........
#.#.#.####÷.#
.###.#)<##### #.##.##
#..#####.....#.......
####.####
#............[[.#####
)....#
##......###..##.#
####.#
###hw..#.....P.# #.#
#@##..P.P.P... #.#
#.#P...w......P
####.#
#.#...P%...PP..
p....#
#.P..P..PP.P....
####p# #...P..####.P
#†# #......# w
####.### ##..P..#
)......#
#.P...##+#P.P..
####.#)#
#..P...P..FP... #


You could see Gastronok and a black bear.

Vanquished Creatures
  2 two-headed ogres
  Pikel (D:9)
  Joseph (D:9)
  4 hippogriffs
  A yak (D:9)
  2 porcupines (D:9)
  5 orc warriors
  A slave (D:9)
  2 sky beasts
  2 necrophages
  2 ice beasts
  2 black bears
  A phantom (D:5)
  2 ogres
  2 centaurs
  A big kobold (D:9)
  4 bullfrogs
  4 scorpions
  A water moccasin skeleton (D:7)
  6 killer bees (D:7)
  2 howler monkeys (D:9)
  3 centaur zombies
  8 crimson imps
  4 hounds
  2 jellies
  2 orc priests
  A bullfrog skeleton (D:7)
  A gnoll shaman (D:5)
  3 centaur skeletons
  11 orc wizards
  9 worker ants
  14 gnolls
  2 howler monkey skeletons
  17 adders
  A shadow imp (D:9)
  10 oozes
  An adder skeleton (D:7)
  4 worms
  3 dart slugs
  15 leopard geckos
  27 orcs
  8 bats
  15 giant cockroaches
  6 goblins
  8 hobgoblins
  7 jackals
  8 kobolds
  3 quokkas
  13 ball pythons
  11 frilled lizards
  7 rats
272 creatures vanquished.

Vanquished Creatures (others)
  A slave (D:9)
  A hound zombie (D:9)
  A kobold (D:9)
  4 fungi (D:9)
  A plant (D:9)
8 creatures vanquished.

Grand Total: 280 creatures vanquished

Notes
Turn   | Place    | Note
-------+----------+-------------------------------------------
     0 | D:1      | budo the Kobold Berserker began the quest for the Orb.
     0 | D:1      | Reached XP level 1. HP: 14/14 MP: 1/1
   113 | D:1      | Reached skill level 1 in Stealth
   180 | D:1      | Reached XP level 2. HP: 16/19 MP: 2/2
   198 | D:1      | Reached skill level 2 in Stealth
   451 | D:1      | Reached XP level 3. HP: 23/23 MP: 3/3
   516 | D:1      | Reached skill level 3 in Stealth
   689 | D:2      | Reached ** piety under Trog
   930 | D:2      | Reached XP level 4. HP: 28/28 MP: 4/4
  1002 | D:2      | Reached skill level 4 in Stealth
  1475 | D:2      | Reached skill level 5 in Short Blades
  1690 | D:3      | Reached XP level 5. HP: 32/32 MP: 5/5
  1691 | D:3      | Reached skill level 5 in Stealth
  1734 | D:3      | Found a glowing drain.
  1739 | Sewer    | Entered a sewer
  2092 | Sewer    | Reached *** piety under Trog
  2386 | Sewer    | Reached skill level 6 in Stealth
  2498 | Sewer    | Reached XP level 6. HP: 35/37 MP: 6/6
  2579 | Sewer    | Reached skill level 7 in Stealth
  2790 | D:3      | Reached XP level 7. HP: 41/41 MP: 7/7
  2906 | D:3      | Reached skill level 8 in Stealth
  3194 | D:3      | Reached **** piety under Trog
  3383 | D:4      | Found an ornate altar of the Wu Jian Council.
  3713 | D:4      | Reached skill level 9 in Stealth
  3877 | D:4      | Reached XP level 8. HP: 46/46 MP: 8/8
  4258 | D:5      | Entered Level 5 of the Dungeon
  4262 | D:5      | Found a staircase to the Ecumenical Temple.
  4322 | D:5      | Reached skill level 10 in Stealth
  4620 | D:5      | Reached skill level 11 in Stealth
  4840 | D:5      | Found Weceh's Antique Weapon Shoppe.
  5108 | D:6      | Reached XP level 9. HP: 51/51 MP: 9/9
  5199 | D:6      | Noticed a two-headed ogre
  5398 | D:6      | Killed a two-headed ogre
  5398 | D:6      | Reached skill level 12 in Stealth
  5763 | D:7      | Reached skill level 5 in Fighting
  5830 | D:7      | Noticed a hippogriff
  5878 | D:7      | Killed a hippogriff
  5878 | D:7      | Reached skill level 5 in Dodging
  5882 | D:7      | Reached skill level 13 in Stealth
  5989 | D:7      | Reached XP level 10. HP: 56/58 MP: 10/10
  6033 | D:7      | Reached ***** piety under Trog
  6195 | D:7      | Reached skill level 10 in Short Blades
  6470 | D:7      | Reached skill level 1 in Evocations
  6924 | D:7      | Received a gift from Trog
  7135 | D:8      | Reached skill level 14 in Stealth
  7325 | D:8      | Noticed a two-headed ogre
  7370 | D:8      | Killed a two-headed ogre
  7828 | D:9      | Noticed Joseph
  7862 | D:9      | Killed Joseph
  7862 | D:9      | Reached XP level 11. HP: 66/66 MP: 13/13
  7903 | D:9      | Noticed seren's ghost (novice OgBe)
  8220 | D:9      | Noticed Gastronok
  8413 | D:9      | Reached skill level 5 in Evocations
  8599 | D:9      | Noticed Pikel
  8613 | D:9      | Killed Pikel
  8613 | D:9      | Reached skill level 15 in Stealth
  8788 | D:9      | HP: 3/100 [Gastronok/the air (32)]
  8790 | D:9      | Slain by a black bear

Vault maps used:
D:1:      nagdon_arrival_double_spiral
D:2:      first_ration
D:3:      portal_sewer_entry_e, minmay_misc_feat_ornament
D:4:      lemuel_round_altar
D:5:      minmay_temple_entry_junction_2, serial_shops,
          nicolae_shop_behind_doors, nrook_mini_vaults
D:6:      kennysheep_generic_room_11
D:7:      kennysheep_generic_room_12
D:9:      grunt_lair_entry_orc_guard_hut, special_room, uniq_joseph, uniq_pikel,
          uniq_gastronok
Sewer:    sewer_frog_island_02

Skill      XL: |  1  2  3  4  5  6  7  8  9 10 11 |
---------------+----------------------------------+-----
Stealth        | 1 2 3 4 6 7 9 11 13 14 15 | 15.0
Short Blades   | 5 6 7 8 9 10 | 10.0
Dodging        | 3 5 7 8 |  8.3
Fighting       | 5 7 8 |  8.0
Evocations     | 3 5 |  5.4
Armour         | |  1.5

Action                   |  1- 3 |  4- 6 |  7- 9 | 10-12 || total
-------------------------+-------+-------+-------+-------++-------
Melee: Short sword       |    76 |   271 |    20 |       ||   367
       Dagger            |       |       |   261 |   399 ||   660
Throw: Stone             |     8 |       |    19 |     1 ||    28
Invok: Berserk           |     3 |    13 |    10 |     9 ||    35
  Use: Scroll            |       |       |       |     7 ||     7
       Potion            |       |       |       |     1 ||     1
 Stab: Sleeping          |     4 |     6 |    18 |     4 ||    32
       Distracted        |       |       |     2 |     1 ||     3
  Eat: Chunk             |    10 |    19 |    20 |    15 ||    64
Armor: Animal skin       |     8 |    36 |    12 |       ||    56
       Scale mail        |       |       |    10 |    47 ||    57
Dodge: Dodged            |    48 |   200 |   111 |   171 ||   530

Table legend:
 A = Spawn XP
 B = Non-spawn XP
 C = Spawn XP percentage of total XP
 D = Spawn monster count
 E = Non-spawn monster count
 F = Spawn count percentage of total count
 G = Total turns spent on level
                    A         B        C        D         E        F      G
               +---------+---------+-------+---------+---------+-------+---------
         Total |       0 |   10616 |   0.0 |       0 |     271 |   0.0 |  8790
               +---------+---------+-------+---------+---------+-------+---------
           D:1 |       0 |      46 |   0.0 |       0 |      22 |   0.0 |   715
           D:2 |       0 |      66 |   0.0 |       0 |      20 |   0.0 |   928
           D:3 |       0 |     231 |   0.0 |       0 |      30 |   0.0 |   838
           D:4 |       0 |     401 |   0.0 |       0 |      11 |   0.0 |   922
           D:5 |       0 |     752 |   0.0 |       0 |      23 |   0.0 |   786
           D:6 |       0 |    1374 |   0.0 |       0 |      11 |   0.0 |   669
           D:7 |       0 |    2290 |   0.0 |       0 |      47 |   0.0 |  1236
           D:8 |       0 |    1901 |   0.0 |       0 |      27 |   0.0 |   960
           D:9 |       0 |    3230 |   0.0 |       0 |      31 |   0.0 |   862
         Sewer |       0 |     325 |   0.0 |       0 |      49 |   0.0 |   874
               +---------+---------+-------+---------+---------+-------+---------
